 Dungeon Crawl Stone Soup version 0.24-a0-284-g9fb9971df1 (webtiles) character file.

Game seed: 8090195381688301795

40 Redear the Insei (level 3, 0/23 HPs)
             Began as an Octopode Transmuter on May 4, 2019.
             Slain by an adder (3 damage)
             ... on level 2 of the Dungeon.
             The game lasted 00:01:55 (1075 turns).

Redear the Insei (Octopode Transmuter)              Turns: 1075, Time: 00:01:55

Health: 0/23       AC:  1    Str: 10    XL:     3   Next: 50%
Magic:  6/6        EV: 13    Int: 15    God:
Gold:   52         SH:  0    Dex: 12    Spells: 6/7 levels left

rFire    . . .     SeeInvis .     - Unarmed
rCold    . . .     Gourm    .   (no shield)
rNeg     . . .     Faith    .   (helmet restricted)
rPois    .         Spirit   .   (no amulet)
rElec    .         Reflect  .   (no ring)
rCorr    .         Harm     .   (no ring)
MR       .....                  (no ring)
Stlth    ++........             (no ring)
HPRegen  0.07/turn              (no ring)
MPRegen  0.10/turn              (no ring)
                                (no ring)
                                (no ring)

@: lethally poisoned (0 -> -5), appendage (expiring)
A: almost no armour, stealthy swim, amphibious, 8 rings, constrict 8, tentacle
spike 3, camouflage 1, gelatinous body 1
a: End Transformation


You were on level 2 of the Dungeon.
You were hungry.
One of your tentacles had a temporary spike.
You visited 1 branch of the dungeon, and saw 2 of its levels.

You collected 52 gold pieces.

Inventory:

Missiles
 a - 12 arrows
Scrolls
 b - a scroll of identify {unknown}
 c - a scroll of teleportation {unknown}
 d - a scroll of amnesia {unknown}
 e - a scroll of remove curse {unknown}
 g - 2 scrolls of enchant armour {unknown}
 h - a scroll of immolation {unknown}
 k - a scroll of magic mapping {unknown}
Potions
 f - a potion of agility {unknown}
 i - a potion of cancellation {unknown}
 j - a potion of brilliance {unknown}
Comestibles
 z - 5 rations


   Skills:
 - Level 1.0 Fighting
 + Level 2.2 Dodging
 + Level 3.4 Unarmed Combat
 + Level 2.5 Spellcasting
 + Level 2.6 Transmutations


You had 6 spell levels left.
You knew the following spells:

 Your Spells              Type           Power        Failure   Level  Hunger
z - Beastly Appendage     Tmut           #.....       8%          1    #......

Your spell library contained the following spells:

 Spells                   Type           Power        Failure   Level  Hunger
 Sticks to Snakes         Tmut           #.......     11%         2    ###....
 Spider Form              Tmut/Pois      #.........   36%         3    ###....
 Ice Form                 Ice/Tmut       #.......     77%         4    #####..
 Blade Hands              Tmut           #.........   90%         5    ######.


Dungeon Overview and Level Annotations

Branches:
Dungeon (2/15)

Altars:
Nemelex Xobeh


Innate Abilities, Weirdness & Mutations

You cannot wear most types of armour.
You are very stealthy in the water. (Stealth+)
You are amphibious.
You can wear up to eight rings at the same time.
You can use your tentacles to constrict eight enemies at once.
Your skin changes colour to match your surroundings (Stealth+).
Your rubbery body absorbs attacks. (AC +1, EV +1)
One of your tentacles bears a large vicious spike.


Message History

Unknown command.
You miss the adder. Your grab misses the adder.
You pierce the adder.
The adder is moderately wounded.
The adder bites you.
You are more poisoned.
The adder poisons you!
You take 3 damage, and have 9/23 hp.
You tentacle-slap the adder. Your grab misses the adder.
Your tentacle spike misses the adder.
The adder is moderately wounded.
You feel sick. The adder barely misses you.
You take 1 damage, and have 8/23 hp.
Unknown command.
Okay, then.
You tentacle-slap the adder. Your grab misses the adder.
The adder is almost dead.
You feel sick. The adder bites you.
* * * LOW HITPOINT WARNING * * *
The adder bites you.
You die...

##.......?.. ..
...........##..
...............
............#.. ..
.............
#....#...........
#...<#...S.......
###....#...@###.###
.................#
#....#...#####....
#....#...#####....
#..†..............
#.##.....(...........
#................####
#####>..............
#.##.............


You could see an adder.

Vanquished Creatures
  An adder (D:2)
  3 dart slugs (D:1)
  2 giant cockroaches (D:2)
  4 goblins
  5 hobgoblins
  2 jackals (D:1)
  4 kobolds
  A rat (D:2)
22 creatures vanquished.

Notes
Turn   | Place    | Note
-------+----------+-------------------------------------------
     0 | D:1      | Redear the Octopode Transmuter began the quest for the Orb.
     0 | D:1      | Reached XP level 1. HP: 13/13 MP: 3/3
   210 | D:1      | Reached XP level 2. HP: 11/18 MP: 3/5
   634 | D:2      | Found a sparkling altar of Nemelex Xobeh.
   637 | D:2      | Reached XP level 3. HP: 5/23 MP: 6/6
  1075 | D:2      | Slain by an adder

Levels and vault maps discovered:
D:1:      dpeg_arrival_simpleton_c, layout_rooms
D:2:      layout_basic, lemuel_crystal_altar, first_ration

Action                   || total
-------------------------++-------
Melee: Unarmed           ||    55
       Constrict         ||    11
       Tentacles         ||     7
       Kick              ||     8
       Punch             ||     1
 Cast: Beastly Appendage ||     6
 Stab: Sleeping          ||     3
Armor: Skin              ||     3
Dodge: Dodged            ||    33

Table legend:
 A = Non-vault XP
 B = Vault XP
 C = Vault XP percentage of total XP
 D = Non-vault monster count
 E = Vault monster count
 F = Vault count percentage of total count
                 A         B        C        D         E       F
            +---------+---------+-------+---------+---------+-------
      Total |      58 |       0 |   0.0 |      22 |       0 |   0.0
            +---------+---------+-------+---------+---------+-------
        D:1 |      29 |       0 |   0.0 |      12 |       0 |   0.0
        D:2 |      29 |       0 |   0.0 |      10 |       0 |   0.0
            +---------+---------+-------+---------+---------+-------
